 Dungeon Crawl Stone Soup version 0.29-a0-283-ga02f740833 (webtiles) character file.

Game seed: 765209238626589566

64 kae the Skirmisher (level 4, -6/37 HPs)
             Began as a Merfolk Abyssal Knight on Mar 13, 2022.
             Was a Believer of Lugonu.
             Mangled by a gnoll
             ... wielding a +0 halberd
              (10 damage)
             ... on level 2 of the Dungeon.
             The game lasted 00:01:47 (2801 turns).

kae the Skirmisher (Merfolk Abyssal Knight)         Turns: 2801, Time: 00:01:48

Health: -6/37      AC:  3    Str: 13    XL:     4   Next: 12%
Magic:  3/5        EV:  8    Int:  9    God:    Lugonu [**....]
Gold:   75         SH: 11    Dex: 16    Spells: 3/3 levels left

rFire   . . .      SeeInvis .   a - +1 falchion
rCold   . . .      Faith    .   f - +0 tower shield
rNeg    . . .      Spirit   .   b - +0 leather armour
rPois   .          Reflect  .   (no helmet)
rElec   .          Harm     .   (no cloak)
rCorr   .          Rampage  .   (no gloves)
Will    .....                   (no boots)
Stlth   +.........              (no amulet)
HPRegen 0.12/turn               (no ring)
MPRegen 0.09/turn               (no ring)

@: no status effects
A: (nimble swimmer 2), mertail
a: Renounce Religion, Depart the Abyss, Bend Space


You were on level 2 of the Dungeon.
You worshipped Lugonu.
Lugonu was pleased with you.
You visited 1 branch of the dungeon, and saw 2 of its levels.
You visited the Abyss 1 time.

You collected 75 gold pieces.

Inventory:

Hand Weapons
 a - a +1 falchion (weapon)
Armour
 b - a +0 leather armour (worn)
 f - a +0 tower shield (worn)
Jewellery
 i - a +6 ring of dexterity
Potions
 e - a potion of berserk rage {unknown}
 g - a potion of ambrosia {unknown}
 h - a potion of degeneration {unknown}
 j - a potion of brilliance {unknown}
 k - a potion of heal wounds {unknown}


   Skills:
 + Level 3.7 Fighting
 * Level 3.7 Long Blades
 - Level 0.6 Armour
 + Level 3.4 Dodging
 + Level 0.4 Shields
 + Level 2.6 Invocations


You had 3 spell levels left.
You didn't know any spells.
Your spell library was empty.

Dungeon Overview and Level Annotations

Branches:
Dungeon (2/15)

Altars:

Shops:
D:1 *

Annotations:
D:2 Sigmund


Innate Abilities, Weirdness & Mutations

((You are very nimble when in or above water. (Stealth+, EV+, Speed+++)))
Your lower body shifts to a powerful aquatic tail in water.


Message History

Sigmund points at you and mumbles some strange words.
You resist with some effort. You block the gnoll's attack.
Sigmund hits you from afar with a +0 scythe.
Okay, then.
Okay, then.
Space bends around you!
You blink.
You block the gnoll's attack. Space bends around you!
You blink.
Sigmund gestures at you while chanting.
You are confused.
You bump into the rock wall.
You're too confused to move!
Sigmund casts a spell at you. You resist with some effort.
You bump into the rock wall.
The gnoll hits you from afar with a +0 halberd!
* * * LOW HITPOINT WARNING * * *
The gnoll closely misses you.
You are too confused!
Unknown command.
You feel better. Sigmund hits you but does no damage.
You block the gnoll's attack. The gnoll barely misses you.
The gnoll hits you from afar with a +0 spear.
* * * LOW HITPOINT WARNING * * *
You block the gnoll's attack.
Sigmund says, "Don't worry, I'll kill you fast."
You block the gnoll's attack.
The gnoll hits you from afar with a +0 halberd.
* * * LOW HITPOINT WARNING * * *
The gnoll misses you. You block the gnoll's attack. Space bends around you!
You blink.
You fail to use your ability.
You block the gnoll's attack.
Sigmund mumbles some strange words.
Sigmund flickers and vanishes!
Deactivating autopickup; reactivate with Ctrl-A.
The gnoll hits you from afar with a +0 spear.
* * * LOW HITPOINT WARNING * * *
The gnoll hits you from afar with a +0 halberd!
You die...

............#..##.......##.......
#############...#.......##.......
'...........#+#.#.......##.†.....
###....####.............##......#
#<#....# #..........#####......#
#.#....# #....{)....##..+......#
#.#....####...ggg....##.##......#
#..................÷.##.##......#
###....#####....@...§##§###'#####
# #....##..)..###...§§@§.....#
#....##.##### ##..###§###..####
#######.########..# #.# #......
#...........# #.# #...... .
..########..###.# #...... g.####
#.##...g.....##.# #..#### gg.g.#
#.##g######>.##.###..# #.#
#.##.#.......#.......#


You could see 3 gnolls.

Vanquished Creatures
  2 adders (D:2)
  A worm (D:2)
  7 endoplasms
  3 giant cockroaches
  3 goblins
  3 hobgoblins
  3 jackals (D:1)
  2 quokkas
  2 ball pythons (D:1)
  3 bats (D:2)
  3 frilled lizards (D:2)
  5 kobolds
  3 rats
40 creatures vanquished.

Notes
Turn   | Place    | Note
-------+----------+-------------------------------------------
     0 | Abyss:1  | kae the Merfolk Abyssal Knight began the quest for the Orb.
     0 | Abyss:1  | Reached XP level 1. HP: 18/18 MP: 2/2
    64 | Abyss:1  | Noticed a wraith
    69 | D:1      | Escaped the Abyss
   405 | D:1      | Found a faded altar of an unknown god.
   414 | D:1      | Reached XP level 2. HP: 17/24 MP: 3/3
  1343 | D:1      | Reached XP level 3. HP: 20/29 MP: 4/4
  1463 | D:1      | Found Porohuge's Assorted Antiques.
  2356 | D:2      | Noticed Sigmund
  2582 | D:2      | Reached XP level 4. HP: 23/37 MP: 5/5
  2801 | D:2      | Mangled by a gnoll

Illustrated notes

Levels and vault maps discovered:
D:1:      dpeg_arrival_water_temple_mockup, layout_loops_ring,
          hellmonk_ecumenical_altar_dog_temple, serial_shops,
          nicolae_shop_advertising_works [nicolae_subvault_shop_adworks],
          minmay_tiny_reverse_x
D:2:      layout_basic, uniq_sigmund

Skill      XL: |  1  2 |
---------------+-------+-----
Dodging        | 3 |  3.4
Long Blades    | 3 |  3.7
Fighting       | |  3.7
Armour         | |  0.6
Shields        | |  0.4
Invocations    | |  2.6

Action                   |  1- 3 |  4- 6 || total
-------------------------+-------+-------++-------
Melee: Falchion          |   125 |     1 ||   126
       Tailslap          |     1 |       ||     1
       Punch             |     1 |       ||     1
Invok: Depart the Abyss  |     1 |       ||     1
       Bend Space        |       |     3 ||     3
  Use: Scroll            |     2 |     1 ||     3
       Potion            |       |     1 ||     1
 Stab: Sleeping          |     3 |       ||     3
Armor: Leather armour    |    31 |     1 ||    32
Dodge: Dodged            |    66 |     3 ||    69
Block: Tower shield      |    64 |     7 ||    71

Table legend: (Time is in decaauts)
 A = Elapsed time spent in this place.
 B = Non-inter-level travel time spent in this place.
 C = Inter-level travel time spent in this place.
 D = Time resting spent in this place.
 E = Time spent auto-exploring this place.
 F = Levels seen in this place.
 G = Mean time per level.
                   A        B        C        D        E       F      G
               +--------+--------+--------+--------+--------+-----+--------+
         Total |   2852 |   2811 |     41 |    482 |   1852 |   3 |  950.7 |
       Dungeon |   2784 |   2743 |     41 |    482 |   1788 |   2 | 1392.0 |
         Abyss |     67 |     67 |      0 |      0 |     64 |   1 |   67.0 |
               +--------+--------+--------+--------+--------+-----+--------+

Top non-repeatable levels by time:
     D:1: 1684 daAuts
     D:2: 1100 daAuts
 Abyss:1: 67 daAuts
